[Event "Wednesday Night Engine Tour 13 Rd Swiss 3m+1s Starts at 2200hrs ST"]
[Site "Infinity Chess"]
[Date "2018.1.11"]
[Round "12"]
[White "SkyPilot"]
[Black "Cepri"]
[Result "1-0"]
[ECO "C55"]
[WhiteElo "2551"]
[BlackElo "2504"]
[WhiteEngine "stockfish_x64_bmi2_2018_01_01_CTG"]
[BlackEngine "Raubfisch X37b_CTG"]
[EventType "Swiss"]
[WhiteTeam ""]
[BlackTeam ""]
[PlyCount "141"]
[TimeControl "180+1"]

1. e4 e5 2. Nf3 Nc6 3. Bc4 Nf6 4. d3 Bc5 5. c3 d6 6. O-O O-O 7. h3 a5 8. Nbd2 h6 
9. Re1 Be6 10. a4 Bxc4 11. Nxc4 Re8 12. Be3 Bxe3 13. Nxe3 b6 14. Qb3 Ne7 
15. g3 Ng6 16. Kg2 c6 17. Rad1 Qd7 18. Rb1 Qc7 19. Qa2 Nf8 20. b4 Ne6 
21. b5 cxb5 22. axb5 g6 23. c4 Kg7 24. Qb2 Nc5 25. Red1 Qb7 26. Kh2 Ne6 
27. Rf1 Qc7 28. Ra1 Rac8 29. Kg2 Nc5 30. Ra3 Ne6 31. Nd2 Nd4 32. Nb3 Nxb3 
33. Rxb3 Qc5 34. Ra3 Nd7 35. Rd1 Re6 36. Raa1 Rf8 37. Nd5 h5 38. Rd2 Kh7 
39. Rad1 h4 40. g4 g5 41. Re2 f6 42. d4 exd4 43. Qxd4 Qxd4 44. Rxd4 Rc8 
45. f4 Kg7 46. Rf2 Rc5 47. Rc2 Kf7 48. f5 Re8 49. Ne3 Rc7 50. Rxd6 Rxe4 
51. Nd5 Rb7 52. Ra2 Re5 53. Rd2 Re4 54. c5 bxc5 55. b6 Rd4 56. Re2 Rxd5 
57. Rxd5 a4 58. Ra2 Nxb6 59. Rxc5 Ra7 60. Rb5 Ra6 61. Kf2 Kf8 62. Rb4 Kg8 
63. Ra3 Kf8 64. Ke1 Kf7 65. Kd2 Ke8 66. Re3+ Kd8 67. Re6 Kc7 68. Rxf6 a3 
69. Rbxb6 Ra5 70. Ra6 Rd5+ 71. Ke3 1-0

[Event "Wednesday Night Engine Tour 13 Rd Swiss 3m+1s Starts at 2200hrs ST"]
[Site "Infinity Chess"]
[Date "2018.1.11"]
[Round "12"]
[White "BlitzMaster"]
[Black "MGR"]
[Result "1-0"]
[ECO "C42"]
[WhiteElo "2561"]
[BlackElo "2494"]
[WhiteEngine "stockfish_18010422_x64_modern_CTG"]
[BlackEngine "asmFishW_2017-11-19_bmi2"]
[EventType "Swiss"]
[WhiteTeam ""]
[BlackTeam ""]
[PlyCount "81"]
[TimeControl "180+1"]

1. e4 e5 2. Nf3 Nf6 3. Nxe5 d6 4. Nf3 Nxe4 5. d4 d5 6. Bd3 Bb4+ 7. c3 Bd6 
8. c4 O-O 9. O-O c6 10. Nc3 Nxc3 11. bxc3 dxc4 12. Bxc4 Bf5 13. Bg5 Qc7 
14. Re1 c5 15. dxc5 Qxc5 16. Bb3 Bg4 17. h4 Nc6 18. Be3 Qa3 19. Qd5 Rad8 
20. Qe4 Bxf3 21. Qxf3 Be7 22. h5 Qd6 23. h6 g6 24. Bf4 Qf6 25. Re4 Bc5 
26. Rae1 Rd7 27. Re6 Qd8 28. R6e2 Qf6 29. g3 Re7 30. Kg2 Rxe2 31. Rxe2 b6 
32. Qd5 Na5 33. Ba4 Rd8 34. Bd7 Rf8 35. Be8 Be7 36. Bb5 Ba3 37. Bg5 Qd6 
38. Qf3 f6 39. Bf4 Qc5 40. c4 a6 41. Bd7 1-0

[Event "Wednesday Night Engine Tour 13 Rd Swiss 3m+1s Starts at 2200hrs ST"]
[Site "Infinity Chess"]
[Date "2018.1.11"]
[Round "12"]
[White "Vimtiroba"]
[Black "Victorious"]
[Result "0-1"]
[ECO "A01"]
[WhiteElo "2513"]
[BlackElo "2563"]
[WhiteEngine "Asmfish@ Seahorse_CTG"]
[BlackEngine "Houdini 6"]
[EventType "Swiss"]
[WhiteTeam ""]
[BlackTeam ""]
[PlyCount "119"]
[TimeControl "180+1"]

1. b3 e5 2. Bb2 Nc6 3. c4 Nf6 4. Nf3 e4 5. Nd4 Bc5 6. Nf5 O-O 7. e3 d5 
8. cxd5 Nb4 9. Ng3 Nfxd5 10. Qc1 Bb6 11. Nxe4 Re8 12. Nbc3 Nf4 13. exf4 Qh4 
14. d4 Bxd4 15. g3 Qh6 16. f3 Qh5 17. Qd1 f5 18. Qe2 fxe4 19. fxe4 Bg4 
20. Qc4+ Kh8 21. Qxb4 Rad8 22. Qb5 Qg6 23. Bg2 Bxc3+ 24. Bxc3 Rxe4+ 25. Kf2 Re2+ 
26. Qxe2 Bxe2 27. Rhe1 Bb5 28. Be4 Qb6+ 29. Re3 Bc6 30. Bc2 Re8 31. Rae1 Kg8 
32. b4 Bd5 33. a3 Rxe3 34. Rxe3 Qc6 35. Bd3 Bc4 36. Be5 h5 37. Bxc4+ Qxc4 
38. h3 Qa2+ 39. Ke1 Kf7 40. g4 g6 41. Rd3 c6 42. Re3 Qg2 43. gxh5 gxh5 
44. Bd4 a6 45. Bc3 Qg1+ 46. Kd2 Qf2+ 47. Kd3 Qxf4 48. Bd2 Qf2 49. Kc2 h4 
50. Rc3 Ke6 51. Re3+ Kd5 52. Kc3 b6 53. Kc2 Qf5+ 54. Kb2 Qf1 55. Kc2 Kc4 
56. Rc3+ Kb5 57. Rb3 Ka4 58. Rc3 Qh1 59. Re3 b5 60. Rc3 0-1

[Event "Wednesday Night Engine Tour 13 Rd Swiss 3m+1s Starts at 2200hrs ST"]
[Site "Infinity Chess"]
[Date "2018.1.11"]
[Round "12"]
[White "xeonrocks"]
[Black "RonWeasley"]
[Result "1/2-1/2"]
[ECO "C11"]
[WhiteElo "2615"]
[BlackElo "2489"]
[WhiteEngine "asmFishW_CTG"]
[BlackEngine "BrainFish 060118_CTG"]
[EventType "Swiss"]
[WhiteTeam ""]
[BlackTeam ""]
[PlyCount "156"]
[TimeControl "180+1"]

1. e4 e6 2. d4 d5 3. Nc3 Nf6 4. e5 Nfd7 5. f4 c5 6. Nf3 Nc6 7. Be3 cxd4 
8. Nxd4 Qb6 9. Qd2 Qxb2 10. Rb1 Qa3 11. Bb5 Nxd4 12. Bxd4 a6 13. Bxd7+ Bxd7 
14. Rb3 Qe7 15. Rxb7 Rc8 16. O-O Qd8 17. Qe3 Rc4 18. Rfb1 Be7 19. f5 Bg5 
20. Qd3 O-O 21. Ne4 Bc8 22. Bb6 Be3+ 23. Qxe3 Qh4 24. Nf6+ gxf6 25. Rc7 exf5 
26. Rxc4 dxc4 27. exf6 Kh8 28. Bc7 Rg8 29. Bg3 Qg4 30. Qf4 c3 31. a3 Bd7 
32. Qxg4 fxg4 33. Rb7 Rd8 34. Bc7 Rc8 35. Bf4 Be6 36. Bh6 Kg8 37. Ra7 Bf5 
38. Rxa6 Bxc2 39. Kf2 Be4 40. Ra5 c2 41. Re5 c1=Q 42. Bxc1 Rc2+ 43. Ke3 Bc6 
44. Rg5+ Kf8 45. Bd2 Ke8 46. g3 Ra2 47. Re5+ Kd8 48. Bb4 Rxh2 49. Re7 Bd5 
50. a4 Rc2 51. Kd4 Bb3 52. Ba5+ Kc8 53. Bc3 Ra2 54. a5 Ra4+ 55. Ke5 h5 
56. Be1 h4 57. gxh4 g3 58. Bxg3 Rxa5+ 59. Ke4 Rh5 60. Re5 Rxe5+ 61. Bxe5 Bd1 
62. Kf4 Kd7 63. Ba1 Bc2 64. Kg4 Kd6 65. Kf4 Bb1 66. Kg4 Kd7 67. Kg5 Ke6 
68. Bc3 Bc2 69. Ba5 Bb1 70. Be1 Ba2 71. Bf2 Bb1 72. Be3 Ba2 73. Bf4 Bb1 
74. Bc1 Ba2 75. Bd2 Bb1 76. h5 Bd3 77. h6 Bb1 78. h7 Bxh7 1/2-1/2

[Event "Wednesday Night Engine Tour 13 Rd Swiss 3m+1s Starts at 2200hrs ST"]
[Site "Infinity Chess"]
[Date "2018.1.10"]
[Round "11"]
[White "MarioDeMonti"]
[Black "MGR"]
[Result "1/2-1/2"]
[ECO "B12"]
[WhiteElo "2495"]
[BlackElo "2494"]
[WhiteEngine "stockfish_x64_bmi2_2017_12_26_CTG"]
[BlackEngine "asmFishW_2017-11-19_bmi2"]
[EventType "Swiss"]
[WhiteTeam ""]
[BlackTeam ""]
[PlyCount "154"]
[TimeControl "180+1"]

1. e4 c6 2. d4 d5 3. e5 c5 4. dxc5 e6 5. Be3 Nd7 6. Bb5 Ne7 7. Nf3 Nf5 
8. b4 Nxe3 9. fxe3 a5 10. c3 Be7 11. O-O O-O 12. Qd3 Qc7 13. Nbd2 Nxe5 
14. Nxe5 Qxe5 15. a4 Rd8 16. Nb3 Bd7 17. Qd4 Qc7 18. Qf4 Qxf4 19. exf4 g6 
20. g3 Bf6 21. Nxa5 Bxc3 22. Rab1 b6 23. Nc6 Bxc6 24. Bxc6 Rab8 25. cxb6 Rxb6 
26. b5 h5 27. Kf2 Kf8 28. Rbc1 Ba5 29. Rfd1 Rbb8 30. Kf3 Ke7 31. h4 Bb6 
32. Ra1 Ba5 33. Ke2 Kf6 34. Rdc1 Ke7 35. Ra3 Rbc8 36. Rb3 Rb8 37. Kd3 Rf8 
38. Kd4 Bb6+ 39. Kc3 Ba5+ 40. Kb2 Bb6 41. Ra3 Ba5 42. Rd3 Bb6 43. Ka3 Rfc8 
44. Kb4 Ra8 45. Kb3 Ra7 46. Rdd1 Kd6 47. Rc2 Ba5 48. Re2 Rb8 49. Rc1 Rc8 
50. Ka3 Bb6 51. Kb4 Rd8 52. Ra2 Ba5+ 53. Ka3 Ke7 54. Rd1 Kd6 55. Rh2 Bb6 
56. Rc2 Ke7 57. Rcd2 Rc8 58. Re2 Bc5+ 59. Kb3 Kf6 60. Rb2 Bb6 61. Kb4 Ke7 
62. Kb3 Ra5 63. Rc2 Rc7 64. Rdc1 Rca7 65. Ra1 Bd4 66. Raa2 Bb6 67. Kb4 Bc7 
68. Rc3 Bd6+ 69. Kb3 Bc7 70. Rcc2 Bb8 71. Re2 Kd8 72. Re3 Bc7 73. Rd3 Ke7 
74. Kb4 Bd6+ 75. Kb3 Bc7 76. Kb4 Bd6+ 77. Kb3 Bc7 1/2-1/2

[Event "Wednesday Night Engine Tour 13 Rd Swiss 3m+1s Starts at 2200hrs ST"]
[Site "Infinity Chess"]
[Date "2018.1.10"]
[Round "11"]
[White "incredible"]
[Black "RonWeasley"]
[Result "0-1 "]
[ECO "C12"]
[WhiteElo "2484"]
[BlackElo "2473"]
[WhiteEngine "stockfish_18010422_x64_bmi2"]
[BlackEngine "BrainFish 060118_CTG"]
[EventType "Swiss"]
[WhiteTeam ""]
[BlackTeam ""]
[PlyCount "34"]
[TimeControl "180+1"]

1. e4 e6 2. d4 d5 3. Nc3 Nf6 4. Bg5 Bb4 5. e5 h6 6. Bd2 Bxc3 7. bxc3 Ne4 
8. Bd3 Nxd2 9. Qxd2 c5 10. f4 Qa5 11. c4 Qxd2+ 12. Kxd2 dxc4 13. Bxc4 cxd4 
14. Nf3 Nc6 15. Bb5 Bd7 16. Bxc6 Bxc6 17. Nxd4 Rd8 0-1

[Event "Wednesday Night Engine Tour 13 Rd Swiss 3m+1s Starts at 2200hrs ST"]
[Site "Infinity Chess"]
[Date "2018.1.10"]
[Round "11"]
[White "Victorious"]
[Black "koalachess"]
[Result "1-0"]
[ECO "A04"]
[WhiteElo "2557"]
[BlackElo "2302"]
[WhiteEngine "Houdini 6"]
[BlackEngine "asmFishW_2017-11-19_popcnt_CTG"]
[EventType "Swiss"]
[WhiteTeam ""]
[BlackTeam ""]
[PlyCount "195"]
[TimeControl "180+1"]

1. Nf3 e6 2. g3 c5 3. c4 d5 4. cxd5 exd5 5. d4 Nc6 6. Bg2 Nf6 7. O-O Be7 
8. dxc5 Bxc5 9. a3 O-O 10. b4 Bb6 11. Nc3 h6 12. Bb2 Re8 13. Rc1 a6 14. Qd3 Bg4 
15. Na4 Ba7 16. Nc5 Bxc5 17. Rxc5 Qe7 18. h3 Be6 19. Nd4 Ne5 20. Qc2 Rac8 
21. Nxe6 Qxe6 22. Bd4 b6 23. Rxc8 Rxc8 24. Qb1 Rc4 25. Rd1 Ned7 26. Qb2 b5 
27. Kh2 Qc6 28. Bf3 Rc2 29. Qa1 Qc4 30. Bxf6 Nxf6 31. Qe5 Kh7 32. Qf5+ Kg8 
33. Kg2 Rc3 34. e4 d4 35. e5 Nh7 36. Qd7 Nf8 37. Qd8 Qb3 38. Bg4 d3 39. Re1 d2 
40. Qxd2 Rd3 41. Qf4 Ne6 42. Qe4 Qxa3 43. Qc6 Qxb4 44. Bxe6 fxe6 45. Qxe6+ Kh7 
46. Qf5+ Kh8 47. Qxd3 Qxe1 48. Qd5 b4 49. e6 b3 50. Qxb3 Qe4+ 51. Kh2 Kh7 
52. Qb6 Qe1 53. Kg2 Qe4+ 54. Kf1 Kg6 55. Qxa6 Qh1+ 56. Ke2 Qe4+ 57. Kd2 Qb4+ 
58. Kd3 Qb1+ 59. Ke3 Qc1+ 60. Ke2 Qc2+ 61. Kf3 Qf5+ 62. Kg2 Qe4+ 63. Kh2 Kf6 
64. Qb6 Qf5 65. Qe3 Ke7 66. Kg2 Qd5+ 67. Qf3 Qxe6 68. Qe3 Qxe3 69. fxe3 Kf6 
70. h4 Kf5 71. Kf2 g5 72. hxg5 hxg5 73. Ke2 Ke4 74. g4 Kd5 75. Kd3 Ke5 
76. e4 Kf6 77. Kd4 Kf7 78. e5 Ke6 79. Ke4 Ke7 80. Kf5 Kd7 81. e6+ Ke7 
82. Kxg5 Kxe6 83. Kh6 Kf7 84. g5 Kg8 85. Kg6 Kf8 86. Kh7 Ke7 87. g6 Kd6 
88. g7 Kd5 89. g8=Q+ Kc5 90. Qa2 Kb4 91. Qc2 Kb5 92. Kg6 Kb4 93. Kf5 Kb5 
94. Ke5 Kb4 95. Kd5 Ka3 96. Qb1 Ka4 97. Kc4 Ka3 98. Qa1# 1-0

[Event "Wednesday Night Engine Tour 13 Rd Swiss 3m+1s Starts at 2200hrs ST"]
[Site "Infinity Chess"]
[Date "2018.1.10"]
[Round "11"]
[White "Dovahkiin"]
[Black "ocirema"]
[Result "1/2-1/2"]
[ECO "D30"]
[WhiteElo "2449"]
[BlackElo "2507"]
[WhiteEngine "BrainFish_180106_x64_modern_CTG"]
[BlackEngine "stockfish_18010422_x64_modern_CTG"]
[EventType "Swiss"]
[WhiteTeam ""]
[BlackTeam ""]
[PlyCount "106"]
[TimeControl "180+1"]

1. d4 d5 2. c4 e6 3. Nf3 Nf6 4. e3 b6 5. Nc3 Bb7 6. cxd5 exd5 7. Qc2 a6 
8. Bd3 Bd6 9. O-O O-O 10. b3 Nbd7 11. Bb2 Re8 12. Rac1 Ne4 13. g3 Rc8 
14. Rfd1 Ndf6 15. Bf1 Nxc3 16. Bxc3 c6 17. Bb2 Rc7 18. Bg2 a5 19. Nd2 h6 
20. Re1 Rce7 21. a3 Qc8 22. e4 dxe4 23. Nxe4 Nd5 24. Qd2 Bc7 25. Nc3 Rxe1+ 
26. Rxe1 Rxe1+ 27. Qxe1 Bd6 28. Nb1 Qf5 29. Nd2 Qc2 30. Qc1 Qxc1+ 31. Bxc1 Bc8 
32. Nc4 Bc7 33. Ne3 Be6 34. Nxd5 Bxd5 35. Bxd5 cxd5 36. Kg2 g5 37. h4 gxh4 
38. Bxh6 hxg3 39. fxg3 Kh7 40. Be3 b5 41. a4 bxa4 42. bxa4 Kg6 43. g4 Kf6 
44. Kf3 Ke6 45. Bc1 f5 46. gxf5+ Kxf5 47. Bd2 Bb6 48. Be3 Bd8 49. Bf4 Bg5 
50. Bxg5 Kxg5 51. Kg3 Kf5 52. Kf3 Kg5 53. Kg3 Kf5 1/2-1/2

[Event "Wednesday Night Engine Tour 13 Rd Swiss 3m+1s Starts at 2200hrs ST"]
[Site "Infinity Chess"]
[Date "2018.1.10"]
[Round "11"]
[White "CrossingJordan"]
[Black "KillBill2017"]
[Result "1/2-1/2"]
[ECO "C55"]
[WhiteElo "2516"]
[BlackElo "2482"]
[WhiteEngine "asmFishW_2017-12-20_bmi2_CTG"]
[BlackEngine "Raubfisch X37b1._CTG"]
[EventType "Swiss"]
[WhiteTeam ""]
[BlackTeam ""]
[PlyCount "112"]
[TimeControl "180+1"]

1. e4 e5 2. Nf3 Nc6 3. Bc4 Nf6 4. d3 Bc5 5. O-O d6 6. c3 O-O 7. Re1 a5 
8. Nbd2 h6 9. h3 Be6 10. Bb5 Qb8 11. Nf1 Qa7 12. Re2 a4 13. Ng3 Qa5 
14. Bxc6 bxc6 15. Nh4 Rfe8 16. Re1 d5 17. exd5 Nxd5 18. Nhf5 Qb6 19. Qf3 Nf4 
20. d4 Bf8 21. dxe5 Ng6 22. Nd4 Bd5 23. Qh5 c5 24. Ndf5 Bb7 25. f3 a3 
26. bxa3 Qe6 27. Bxh6 gxh6 28. Nxh6+ Bxh6 29. Qxh6 Ne7 30. Qh4 Kf8 31. Ne4 Bxe4 
32. Qh8+ Ng8 33. Rxe4 Qh6 34. Qxh6+ Nxh6 35. a4 Nf5 36. Rd1 Ng3 37. Rh4 Nf5 
38. Re4 c4 39. g4 Ng7 40. f4 Rxa4 41. f5 Rxa2 42. e6 fxe6 43. f6 Rb8 
44. fxg7+ Kxg7 45. h4 Rbb2 46. Rxe6 Rg2+ 47. Kf1 Rxg4 48. Rd7+ Kf8 49. h5 Rh4 
50. Re2 Rh1+ 51. Kg2 Rxe2+ 52. Kxh1 Re7 53. Rxe7 Kxe7 54. h6 Kf6 55. Kg2 Kg6 
56. h7 Kxh7 1/2-1/2

[Event "Wednesday Night Engine Tour 13 Rd Swiss 3m+1s Starts at 2200hrs ST"]
[Site "Infinity Chess"]
[Date "2018.1.10"]
[Round "11"]
[White "MiKachomiKa QueeN"]
[Black "Vimtiroba"]
[Result "1/2-1/2"]
[ECO "C77"]
[WhiteElo "2471"]
[BlackElo "2515"]
[WhiteEngine "Raubfisch X37b1_CTG"]
[BlackEngine "Asmfish@ Seahorse_CTG"]
[EventType "Swiss"]
[WhiteTeam ""]
[BlackTeam ""]
[PlyCount "107"]
[TimeControl "180+1"]

1. e4 e5 2. Nf3 Nc6 3. Bb5 a6 4. Ba4 Nf6 5. O-O Be7 6. Re1 b5 7. Bb3 O-O 
8. c3 d5 9. exd5 Nxd5 10. Nxe5 Nxe5 11. Rxe5 c6 12. d4 Bd6 13. Re1 Qh4 
14. g3 Qh3 15. Qe2 Bg4 16. Qf1 Qh5 17. Nd2 Rae8 18. Rxe8 Rxe8 19. f3 Bh3 
20. Qf2 Bf5 21. Nf1 Qg6 22. Bxd5 cxd5 23. Ne3 h5 24. Ng2 Bd3 25. Be3 b4 
26. cxb4 Bxb4 27. a3 Bd6 28. Re1 Rc8 29. Rc1 Re8 30. Qd2 Bb5 31. Qc3 Bb8 
32. Re1 Qf5 33. Nh4 Qf6 34. Bf2 Rxe1+ 35. Bxe1 Qe6 36. Qd2 a5 37. b3 a4 
38. bxa4 Bxa4 39. Ng2 Bd6 40. Qc3 Bb5 41. Qb2 Be2 42. Kf2 Ba6 43. Bb4 Bc7 
44. Qc2 Bb6 45. Bc3 h4 46. Nxh4 Qh3 47. Ng2 Qxh2 48. Qf5 Qh1 49. Ne3 Bc7 
50. f4 Qh2+ 51. Ng2 Qh1 52. Ne3 Qh2+ 53. Ng2 Qh1 54. Ne3 1/2-1/2

[Event "Wednesday Night Engine Tour 13 Rd Swiss 3m+1s Starts at 2200hrs ST"]
[Site "Infinity Chess"]
[Date "2018.1.10"]
[Round "11"]
[White "KRAKEN"]
[Black "SkyPilot"]
[Result "1/2-1/2"]
[ECO "A20"]
[WhiteElo "2552"]
[BlackElo "2551"]
[WhiteEngine "Raubfisch X37b1._zag_CTG"]
[BlackEngine "stockfish_x64_bmi2_2018_01_01_CTG"]
[EventType "Swiss"]
[WhiteTeam ""]
[BlackTeam ""]
[PlyCount "95"]
[TimeControl "180+1"]

1. c4 e5 2. g3 Nc6 3. Bg2 g6 4. Nc3 Bg7 5. e3 d6 6. Nge2 Nge7 7. b3 O-O 
8. O-O Bg4 9. h3 Bd7 10. Bb2 Re8 11. d3 a6 12. Qd2 Rb8 13. f4 Nf5 14. e4 Nfd4 
15. Rae1 Nb4 16. fxe5 dxe5 17. Nxd4 exd4 18. Nd5 a5 19. Rf2 Nxd5 20. cxd5 Qe7 
21. Ref1 f5 22. exf5 gxf5 23. Bc1 Ra8 24. Qb2 Be5 25. Bf4 Kh8 26. Rc2 Bb5 
27. Rcc1 c5 28. dxc6 Bxc6 29. Rce1 Qd6 30. Bxe5+ Rxe5 31. Rxe5 Qxe5 32. Rf4 a4 
33. Bxc6 axb3 34. Bg2 bxa2 35. Rf1 Qxg3 36. Qxd4+ Qg7 37. Qxg7+ Kxg7 38. Ra1 Ra3 
39. Kh2 b5 40. Bd5 Rxd3 41. Bxa2 Kf6 42. Bg8 Kg5 43. h4+ Kxh4 44. Bxh7 Rh3+ 
45. Kg2 b4 46. Ra5 Ra3 47. Rxa3 bxa3 48. Bg8 1/2-1/2

[Event "Wednesday Night Engine Tour 13 Rd Swiss 3m+1s Starts at 2200hrs ST"]
[Site "Infinity Chess"]
[Date "2018.1.10"]
[Round "11"]
[White "KULLANI"]
[Black "BlitzMaster"]
[Result "1/2-1/2"]
[ECO "C50"]
[WhiteElo "2503"]
[BlackElo "2563"]
[WhiteEngine "BrainFish_180106_x64_CTG"]
[BlackEngine "stockfish_18010422_x64_modern_CTG"]
[EventType "Swiss"]
[WhiteTeam ""]
[BlackTeam ""]
[PlyCount "45"]
[TimeControl "180+1"]

1. e4 e5 2. Nf3 Nc6 3. Bc4 Bc5 4. O-O Nf6 5. d3 d6 6. c3 a5 7. Re1 O-O 
8. Nbd2 h6 9. Nf1 Be6 10. b3 d5 11. exd5 Bxd5 12. Be3 Ba3 13. Rb1 Rb8 
14. Bc1 Bxc1 15. Rxc1 Qd6 16. Ne3 Bxf3 17. Qxf3 Ne7 18. a4 Rfe8 19. Qg3 Nh5 
20. Qh4 Nf6 21. Qg3 Nh5 22. Qf3 Nf6 23. Qg3 1/2-1/2

[Event "Wednesday Night Engine Tour 13 Rd Swiss 3m+1s Starts at 2200hrs ST"]
[Site "Infinity Chess"]
[Date "2018.1.10"]
[Round "11"]
[White "Cepri"]
[Black "xeonrocks"]
[Result "1/2-1/2"]
[ECO "C50"]
[WhiteElo "2499"]
[BlackElo "2620"]
[WhiteEngine "Raubfisch X37b_CTG"]
[BlackEngine "asmFishW_CTG"]
[EventType "Swiss"]
[WhiteTeam ""]
[BlackTeam ""]
[PlyCount "123"]
[TimeControl "180+1"]

1. e4 e5 2. Nf3 Nc6 3. Bc4 Bc5 4. O-O Nf6 5. d3 d6 6. c3 O-O 7. Nbd2 a5 
8. Re1 Ba7 9. h3 Be6 10. Bb5 Ne7 11. d4 Ng6 12. Ba4 Nh5 13. Nf1 exd4 
14. cxd4 Nhf4 15. Bc2 d5 16. Bxf4 Nxf4 17. e5 f6 18. Qd2 fxe5 19. Rxe5 Bd7 
20. Rae1 c6 21. N1h2 Bb8 22. R5e3 a4 23. Ne5 Bc7 24. Qd1 Ba5 25. Nxd7 Qxd7 
26. Re7 Qc8 27. Rf1 Bc7 28. Re3 Qd7 29. Nf3 Rf6 30. Rfe1 Raf8 31. Ne5 Qd8 
32. Qg4 Bxe5 33. dxe5 h5 34. Qg3 Re6 35. Rf3 Qa5 36. Ree3 Qd2 37. Rxf4 Rxf4 
38. Qxf4 Qxc2 39. Rf3 Kh7 40. h4 Qb1+ 41. Kh2 Qe4 42. Qxe4+ dxe4 43. Rf5 g6 
44. Rg5 c5 45. g4 a3 46. b3 b5 47. gxh5 b4 48. hxg6+ Rxg6 49. Rh5+ Kg8 50. e6 c4 
51. Re5 Kf8 52. bxc4 Ke7 53. Rb5 Rxe6 54. Rb7+ Kf6 55. h5 e3 56. fxe3 Kg5 
57. Kg2 Rxe3 58. Kf2 Rh3 59. Rxb4 Kxh5 60. Ke2 Rh2+ 61. Kd3 Rxa2 62. Kc3 1/2-1/2

[Event "Wednesday Night Engine Tour 13 Rd Swiss 3m+1s Starts at 2200hrs ST"]
[Site "Infinity Chess"]
[Date "2018.1.10"]
[Round "10"]
[White "MGR"]
[Black "KillBill2017"]
[Result "1/2-1/2"]
[ECO "C50"]
[WhiteElo "2494"]
[BlackElo "2482"]
[WhiteEngine "asmFishW_2017-11-19_bmi2"]
[BlackEngine "Raubfisch X37b1._CTG"]
[EventType "Swiss"]
[WhiteTeam ""]
[BlackTeam ""]
[PlyCount "77"]
[TimeControl "180+1"]

1. e4 e5 2. Nf3 Nc6 3. Bc4 Bc5 4. O-O Nf6 5. d3 d6 6. c3 O-O 7. Bg5 h6 8. Bh4 a6 
9. a4 g5 10. Bg3 Ba7 11. Nbd2 Nh7 12. h3 h5 13. Kh1 Kh8 14. b4 g4 15. Nh4 Qg5 
16. b5 Ne7 17. bxa6 bxa6 18. d4 exd4 19. cxd4 Qh6 20. Be2 Bxd4 21. Rc1 Ra7 
22. Nc4 Bf6 23. e5 Bxh4 24. exd6 Nf5 25. d7 Bxg3 26. dxc8=Q Rxc8 27. Qd3 Re8 
28. fxg3 Rxe2 29. Kh2 Nxg3 30. Kxg3 Qe6 31. Rxf7 h4+ 32. Kxh4 Qxf7 33. Qxe2 Qf6+ 
34. Kg3 gxh3 35. Qe8+ Kg7 36. Qd7+ Kh8 37. Qe8+ Kg7 38. Qd7+ Kh8 39. Qe8+ 
1/2-1/2

[Event "Wednesday Night Engine Tour 13 Rd Swiss 3m+1s Starts at 2200hrs ST"]
[Site "Infinity Chess"]
[Date "2018.1.10"]
[Round "10"]
[White "koalachess"]
[Black "Cepri"]
[Result "0-1"]
[ECO "C58"]
[WhiteElo "2311"]
[BlackElo "2490"]
[WhiteEngine "asmFishW_2017-11-19_popcnt_CTG"]
[BlackEngine "Raubfisch X37b_CTG"]
[EventType "Swiss"]
[WhiteTeam ""]
[BlackTeam ""]
[PlyCount "122"]
[TimeControl "180+1"]

1. e4 e5 2. Nf3 Nc6 3. Bc4 Nf6 4. Ng5 d5 5. exd5 Na5 6. Bb5+ c6 7. dxc6 bxc6 
8. Qf3 Be7 9. Nc3 cxb5 10. Qxa8 O-O 11. Nge4 Nxe4 12. Qxe4 Bb7 13. Qd3 Qxd3 
14. cxd3 Bxg2 15. Rg1 Bb7 16. Nxb5 Nc6 17. b3 a6 18. Nc3 Rd8 19. Kf1 Nd4 
20. Bb2 Nf3 21. Ke2 Nd4+ 22. Kd1 Bf3+ 23. Kc1 Bh5 24. Rg3 Nf3 25. Kc2 Nd4+ 
26. Kc1 Nf3 27. Kc2 Rc8 28. Rf1 f5 29. h3 Kf7 30. Rg2 Bg5 31. Rxg5 Nxg5 
32. f4 Nxh3 33. fxe5 f4 34. Kb1 Rd8 35. Kc2 g5 36. Re1 Ke6 37. d4 Bg6+ 
38. d3 Rxd4 39. Na4 Rd5 40. Kc3 g4 41. Ba3 g3 42. Nc5+ Kf5 43. e6 f3 44. Ne4 g2 
45. Kc4 Re5 46. Bc5 Kxe6 47. Bb6 Bxe4 48. Kc3 Bxd3 49. Rc1 f2 50. Bxf2 Nxf2 
51. Rg1 Bf1 52. a4 Nh3 53. Rxg2 Bxg2 54. Kc2 Re2+ 55. Kc3 Nf4 56. b4 Kd5 
57. b5 Kc5 58. bxa6 Bc6 59. Kb3 Bd5+ 60. Kc3 Bc4 61. a5 Nd5# 0-1

[Event "Wednesday Night Engine Tour 13 Rd Swiss 3m+1s Starts at 2200hrs ST"]
[Site "Infinity Chess"]
[Date "2018.1.10"]
[Round "10"]
[White "incredible"]
[Black "Dovahkiin"]
[Result "1/2-1/2"]
[ECO "B92"]
[WhiteElo "2486"]
[BlackElo "2447"]
[WhiteEngine "stockfish_18010422_x64_bmi2"]
[BlackEngine "BrainFish_180106_x64_modern_CTG"]
[EventType "Swiss"]
[WhiteTeam ""]
[BlackTeam ""]
[PlyCount "243"]
[TimeControl "180+1"]

1. e4 c5 2. Nf3 d6 3. d4 cxd4 4. Nxd4 Nf6 5. Nc3 a6 6. Be2 e5 7. Nb3 Be7 
8. O-O Be6 9. Be3 O-O 10. Qd3 Nc6 11. a3 d5 12. exd5 Nxd5 13. Nxd5 Qxd5 
14. Rad1 Qxd3 15. Bxd3 Rfd8 16. Nc5 Bxc5 17. Bxc5 Rac8 18. Bb6 Rd7 19. Rfe1 f6 
20. Bc4 Re7 21. Bd3 Rd7 22. Bc4 Re7 23. Be2 Kf7 24. c4 Nb8 25. b3 Nd7 
26. Be3 Nc5 27. Bxc5 Rxc5 28. b4 Rcc7 29. c5 Red7 30. f3 Bb3 31. Rd3 Rxd3 
32. Bxd3 Rd7 33. Re3 Be6 34. Bc2 Bc4 35. a4 Rd2 36. Be4 Rb2 37. Rc3 Be6 
38. Bxb7 Rxb4 39. c6 Ke7 40. a5 Rb5 41. h4 Kd6 42. Ra3 Rb1+ 43. Kh2 Rb4 
44. Bxa6 Kxc6 45. Bd3 Kb7 46. Kg3 g6 47. Bf1 Rb1 48. Bd3 Rc1 49. Be4+ Ka7 
50. Kf2 f5 51. Bd3 Bd7 52. a6 Rc5 53. g3 Be6 54. Ke3 h6 55. g4 f4+ 56. Kd2 g5 
57. hxg5 hxg5 58. Ke2 Bd5 59. Ra4 Rc3 60. Kd2 Rc7 61. Ke2 Rc5 62. Ra3 Ba8 
63. Ra4 Bc6 64. Ra3 Bd5 65. Kf2 Bc6 66. Ke2 Ba8 67. Bb1 Rc1 68. Bd3 Rg1 
69. Ra5 Rg2+ 70. Kf1 Bxf3 71. Rxe5 Rxg4 72. Re7+ Kb6 73. Re6+ Kc5 74. a7 Rg3 
75. Kf2 g4 76. Re7 Kb6 77. Be4 Bxe4 78. Rxe4 Rf3+ 79. Kg2 Kxa7 80. Rb4 Ka6 
81. Re4 Kb5 82. Re5+ Kc4 83. Rg5 Rg3+ 84. Kf2 Kd4 85. Rg8 Kc3 86. Rc8+ Kd4 
87. Rd8+ Ke4 88. Re8+ Kd3 89. Rd8+ Kc3 90. Rg8 Kd2 91. Rg7 Kd3 92. Rd7+ Kc4 
93. Rf7 Rf3+ 94. Kg2 Kd3 95. Rg7 Rg3+ 96. Kf2 Kd4 97. Rd7+ Kc3 98. Rg7 Kd4 
99. Rg8 Rf3+ 100. Kg2 Ke3 101. Re8+ Kd3 102. Rg8 Rg3+ 103. Kf2 Kc2 104. Rg5 Kc1 
105. Rg7 Rf3+ 106. Kg2 Rg3+ 107. Kf2 Kb2 108. Rg6 Kc2 109. Rg7 Kc3 110. Rg8 Kd4 
111. Rf8 Rf3+ 112. Kg2 Kd3 113. Rg8 Rg3+ 114. Kf2 Kd2 115. Rg7 Kc2 116. Rg5 Rf3+ 
117. Kg2 Kd2 118. Rxg4 Ke2 119. Rg7 Re3 120. Rf7 f3+ 121. Kg3 Re8 122. Rb7 
1/2-1/2